 Dungeon Crawl Stone Soup version 0.27.1-33-g824d729ab1 (webtiles) character file.

Game seed: 11742064956082203221

200 Destapler the Skirmisher (level 5, -3/47 HPs)
             Began as a Minotaur Fighter on Dec 8, 2021.
             Slain by a scorpion (5 damage)
             ... on level 4 of the Dungeon.
             The game lasted 00:04:45 (3139 turns).

Destapler the Skirmisher (Minotaur Fighter)         Turns: 3139, Time: 00:04:46

Health: -3/47      AC:  8    Str: 21    XL:     5   Next: 48%
Magic:  4/4        EV:  7    Int:  5    God:
Gold:   136        SH:  9    Dex: 10    Spells: 4/4 levels left

rFire    + . .     SeeInvis .   a - +0 war axe
rCold    + . .     Faith    .   c - +0 kite shield
rNeg     . . .     Spirit   .   b - +0 scale mail
rPois    .         Reflect  .   (helmet restricted)
rElec    .         Harm     .   m - scarf {rC+ rF+}
rCorr    +         Rampage  .   (no gloves)
Will     .....                  j - +0 pair of boots
Stlth    ..........             (no amulet)
HPRegen  0.15/turn              e - ring of resist corrosion
MPRegen  0.09/turn              (no ring)

@: lethally poisoned (-3 -> -8)
A: horns 2, retaliatory headbutt
a: no special abilities


You were on level 4 of the Dungeon.
You visited 1 branch of the dungeon, and saw 4 of its levels.

You collected 136 gold pieces.

Inventory:

Hand Weapons
 a - a +0 war axe (weapon)
Missiles
 i - 3 boomerangs (quivered)
 l - 17 poisoned darts
Armour
 b - a +0 scale mail (worn)
 c - a +0 kite shield (worn)
 j - a +0 pair of boots (worn)
 m - a scarf of resistance (worn)
Jewellery
 e - a ring of resist corrosion (left hand)
Scrolls
 h - a scroll of teleportation
 k - 2 scrolls of identify
Potions
 d - a potion of might
 f - 2 potions of curing
 g - a potion of berserk rage


   Skills:
 * Level 4.9 Fighting
 * Level 4.0 Axes
 + Level 0.9 Throwing
 + Level 4.6 Armour
 * Level 4.9 Shields


You had 4 spell levels left.
You didn't know any spells.
Your spell library contained the following spells:

 Spells                   Type           Power      Damage    Failure   Level
 Magic Dart               Conj           0%         1d3       99%         1
 Shock                    Conj/Air       0%         1d3       99%         1
 Summon Small Mammal      Summ           0%         N/A       99%         1
 Searing Ray              Conj           0%         3d3       100%        2
 Slow                     Hex            0%         N/A       100%        2
 Call Canine Familiar     Summ           0%         N/A       100%        3
 Confusing Touch          Hex            0%         N/A       100%        3
 Summon Guardian Golem    Hex/Summ       0%         N/A       100%        3
 Swiftness                Air            0%         N/A       100%        3
 Vampiric Draining        Necr           0%         2d6       100%        3
 Airstrike                Air            0%         N/A       100%        4
 Fulminant Prism          Conj/Hex       0%         3d6       100%        4


Dungeon Overview and Level Annotations

Branches:
Dungeon (4/15)
 Temple: D:4-7

Altars:

Shops:
D:1 [


Innate Abilities, Weirdness & Mutations

You have a pair of horns on your head.
You reflexively headbutt those who attack you in melee.


Message History

The goblin hits you but does no damage.
There are monsters nearby!
You closely miss the scorpion. You closely miss the goblin.
The scorpion stings you but does no damage.
You block the goblin's attack. The scorpion stings you.
You are poisoned.
The scorpion poisons you! The goblin closely misses you.
You hit the scorpion but do no damage. You closely miss the goblin.
You feel very sick. You block the scorpion's attack.
The goblin hits you but does no damage. The scorpion closely misses you.
You slash the scorpion!
You headbutt the scorpion, but do no damage.
The scorpion is heavily wounded.
Your shield prevents you from hitting the goblin.
You feel very sick. You block the goblin's attack.
The scorpion stings you but does no damage.
The goblin hits you with a +0 club.
You feel sick. The scorpion stings you.
You are more poisoned.
The scorpion poisons you!
You feel very sick.
You barely miss the scorpion. Your headbutt misses the scorpion.
The scorpion is heavily wounded.
You feel very sick. The scorpion stings you.
* * * LOW HITPOINT WARNING * * *
The scorpion stings you but does no damage.
Your shield and scale mail prevent you from hitting the scorpion.
The scorpion is heavily wounded.
You feel very sick. The scorpion stings you!
* * * LOW HITPOINT WARNING * * *
The scorpion barely misses you.
You barely miss the scorpion.
The scorpion is heavily wounded.
* * * LOW HITPOINT WARNING * * *
You feel sick. The scorpion stings you.
You die...

............).. ..
#............ .
..#..#.^..... ..
..#...>....# ..##. .
..............###...##.
. ..#.
..##............. .
..... #.##......#...#
.##.
......#.#....####...#
#.#.
#...gs@#..#..#.#.###...
##...#.#.......#.......
##.####....#..#.....<#
#.. ###....#......####
#$.................# ##
#....#...##..####.###..
##.. #.......# ##......
##..........###.....##
...........#.....###


You could see a scorpion and a goblin.

Vanquished Creatures
  Robin (D:3)
  9 adders
  A worm (D:3)
  A dart slug (D:2)
  2 orcs (D:3)
  11 endoplasms
  2 giant cockroaches
  13 goblins
  14 hobgoblins
  8 jackals
  3 quokkas
  13 ball pythons
  5 bats
  4 frilled lizards
  4 kobolds
  4 rats
95 creatures vanquished.

Notes
Turn   | Place    | Note
-------+----------+-------------------------------------------
     0 | D:1      | Destapler the Minotaur Fighter began the quest for the Orb.
     0 | D:1      | Reached XP level 1. HP: 19/19 MP: 0/0
   268 | D:1      | Reached XP level 2. HP: 27/27 MP: 1/1
   539 | D:1      | Found Kaaschug's Armour Shoppe.
   836 | D:2      | Reached XP level 3. HP: 22/33 MP: 2/2
  1230 | D:2      | Reached XP level 4. HP: 23/41 MP: 3/3
  1980 | D:3      | Noticed Robin
  1989 | D:3      | Killed Robin
  1990 | D:3      | Reached XP level 5. HP: 45/47 MP: 4/4
  3139 | D:4      | HP: 2/47 [poisoned by a scorpion]
  3139 | D:4      | Slain by a scorpion

Illustrated notes

Levels and vault maps discovered:
D:1:      grunt_arrival_crossed_arrows, layout_loops_cross, serial_shops, shop
D:2:      layout_basic, minmay_snake_closets
D:3:      layout_basic, uniq_robin
D:4:      layout_cave_pools, kiku_gazebo_garden_becter

Skill      XL: |  1  2  3  4  5 |
---------------+----------------+-----
Shields        | 4 |  4.9
Fighting       | 4 |  4.9
Armour         | 4 |  4.6
Axes           | 3 4 |  4.0
Throwing       | |  0.9

Action                   |  1- 3 |  4- 6 || total
-------------------------+-------+-------++-------
Melee: War axe           |    95 |    96 ||   191
       Headbutt          |     8 |    11 ||    19
  Use: Scroll            |     4 |     3 ||     7
       Potion            |     2 |     2 ||     4
Armor: Scale mail        |    33 |    64 ||    97
Dodge: Dodged            |    29 |    42 ||    71
Block: Kite shield       |    64 |    67 ||   131
